 Dungeon Crawl Stone Soup version 0.21.1-1-g345015f (webtiles) character file.

77 IVIUSE the Grave Robber (level 4, -4/30 HPs)
             Began as a Mummy Necromancer on July 8, 2018.
             Killed by divine providence
             ... invoked by an orc priest
              (12 damage)
             ... on level 2 of the Dungeon.
             The game lasted 00:20:14 (1874 turns).

IVIUSE the Grave Robber (Mummy Necromancer)         Turns: 1874, Time: 00:20:15

Health: -4/30      AC:  2    Str: 11    XL:     4   Next: 13%
Magic:  0/10       EV: 12    Int: 15    God:
Gold:   38         SH:  0    Dex: 12    Spells: 6/11 levels left

rFire    x . .     SeeInvis .   i - +2 short sword (protect)
rCold    + . .     Gourm    .   (no shield)
rNeg     + + +     Faith    +   a - +0 robe
rPois    ∞         Spirit   .   (no helmet)
rElec    .         Reflect  .   (no cloak)
rCorr    .         Harm     .   (no gloves)
MR       .....                  (no boots)
Stlth    ++........             f - amulet of faith
HPRegen  0.10/turn              (no ring)
MPRegen  0.12/turn              (no ring)

@: no status effects
A: no food or potions, fire vulnerability, cold resistance 1, negative energy
resistance 3, torment resistance, unbreathing
a: no special abilities


You were on level 2 of the Dungeon.
You were not hungry.

You visited 1 branch of the dungeon, and saw 2 of its levels.

You collected 38 gold pieces.

Inventory:

Hand Weapons
 i - a +2 short sword of protection (weapon)
 n - a cursed -3 dagger
Missiles
 k - 43 arrows
Armour
 a - a +0 robe (worn)
 l - a scarf of spirit shield
Jewellery
 f - an amulet of faith (around neck)
Wands
 m - a wand of acid (8)
Scrolls
 c - 3 scrolls of identify
 d - a scroll of enchant weapon {unknown}
 e - 3 scrolls of blinking {unknown}
 g - a scroll of immolation {unknown}
 h - a scroll of magic mapping {unknown}
 j - a scroll of enchant armour {unknown}
Books
 b - a book of Necromancy

   Spells                             Type                      Level
   a - Pain                           Necromancy                   1
   b - Animate Skeleton               Necromancy                   1
   c - Vampiric Draining              Necromancy                   3
   d - Regeneration                   Charms/Necromancy            3
   e - Animate Dead                   Necromancy                   4
   f - Borgnjor's Vile Clutch         Necromancy/Earth             5


   Skills:
 + Level 0.1 Fighting
 - Level 1.6 Dodging
 + Level 1.5 Stealth
 + Level 0.1 Unarmed Combat
 * Level 4.0 Spellcasting
 * Level 5.0 Necromancy


You had 6 spell levels left.
You knew the following spells:

 Your Spells              Type           Power        Failure   Level  Hunger
a - Pain                  Necr           ###.         2%          1    N/A
b - Animate Skeleton      Necr           N/A          2%          1    N/A
c - Vampiric Draining     Necr           ###.......   7%          3    N/A

Dungeon Overview and Level Annotations

Branches:
Dungeon (2/15)

Altars:
Trog
Yredelemnul


Innate Abilities, Weirdness & Mutations

You do not eat or drink.
Your flesh is vulnerable to fire.
You are immune to poison.
Your flesh is cold resistant. (rC+)
You are immune to negative energy. (rN+++)
You are immune to unholy pain and torment.
You can survive without breathing.


Message History

Confirm with . or Enter, or press ? or * to list all spells.
Okay, then.
The orc priest looks satisfied for a moment.
A hobgoblin comes into view. It is wielding a club.
As you read the scroll labeled NORAGO ESY IDU, it crumbles to dust.
It is a scroll of identify.
l - a scarf of spirit shield The hobgoblin shouts!
The goblin hits you.
* * * LOW HITPOINT WARNING * * *
Casting: Pain
Confirm with . or Enter, or press ? or * to list all spells.
Aiming: Vampiric Draining
Press: ? - help, Shift-Dir - straight line, f - goblin, p - orc priest
Aim: a goblin (heavily wounded)
You kill the goblin!
You feel life coursing into your body.
The orc priest calls down the wrath of Beogh upon you.
Beogh smites you!
You die...

♣♣♣♣....♣ #.#
♣♣♣.....♣♣♣ #..
♣♣....♣♣♣♣ #..
♣♣♣♣..!♣♣♣ #.. ♣....♣♣♣
#.. ..♣♣♣♣ ♣♣♣♣♣#..
...♣ ♣♣♣♣♣ ♣♣..%..†.
..[♣ ♣...♣♣♣♣
♣♣♣........ ......
♣.g.♣♣@o.Z♣♣♣.Z♣♣♣♣♣#.#
.♣♣♣♣♣♣ ... ♣♣♣♣....♣♣♣
#.. ♣♣ ♣ ♣♣♣♣♣♣ #..
#...# #.#.# #...# #####
. ##


You could see an orc priest and a friendly goblin skeleton.

Vanquished Creatures
  An adder (D:2)
  3 worms (D:2)
  3 dart slugs
  A leopard gecko (D:1)
  2 orcs (D:2)
  7 bats
  2 giant cockroaches (D:1)
  2 hobgoblins
  7 kobolds
  2 quokkas (D:2)
  A ball python (D:1)
  6 frilled lizards
  7 goblins
  3 rats
47 creatures vanquished.

Vanquished Creatures (collateral kills)
  2 dart slugs
2 creatures vanquished.

Grand Total: 49 creatures vanquished

Notes
Turn   | Place    | Note
-------+----------+-------------------------------------------
     0 | D:1      | IVIUSE the Mummy Necromancer began the quest for the Orb.
     0 | D:1      | Reached XP level 1. HP: 13/13 MP: 4/4
    86 | D:1      | Learned a level 1 spell: Animate Skeleton
   140 | D:1      | Reached XP level 2. HP: 19/19 MP: 1/5
   804 | D:2      | Reached XP level 3. HP: 24/24 MP: 4/7
  1229 | D:2      | Learned a level 3 spell: Vampiric Draining
  1779 | D:2      | Found a bloodstained altar of Trog.
  1782 | D:2      | Found a basalt altar of Yredelemnul.
  1821 | D:2      | Reached XP level 4. HP: 30/30 MP: 7/9
  1826 | D:2      | Reached skill level 5 in Necromancy
  1874 | D:2      | Killed from afar by an orc priest

Skill      XL: |  1  2  3  4 |
---------------+-------------+-----
Spellcasting   | 3 4 |  4.0
Necromancy     | 5 |  5.0
Fighting       | |  0.1
Dodging        | |  1.6
Stealth        | |  1.5
Unarmed Combat | |  0.1

Action                   |  1- 3 |  4- 6 || total
-------------------------+-------+-------++-------
Melee: Unarmed           |    42 |       ||    42
       Short sword       |     9 |     2 ||    11
 Cast: Pain              |    98 |    10 ||   108
       Animate Skeleton  |     8 |     1 ||     9
       Vampiric Draining |     5 |     1 ||     6
  Use: Scroll            |       |     1 ||     1
Armor: Robe              |    12 |     1 ||    13
Dodge: Dodged            |    56 |     3 ||    59
